AoeStats
← Daniel

Black Forest

507944936Analyzed
2v2 RM · 12d ago on Sep 20, 2026· 44m 31s· 4 players
Game mode
Random Map
Map size
Medium (4 player)
Population
200
Speed
Normal
Resources
Standard
Victory
Conquest
Starting age
Dark Age
Ending age
Imperial Age
RankedLock teamsTeams togetherTeam positionsShared explorationLock speedFull tech treeHidden civsTurbo modeCheats
Victory
Defeat
🇦🇺 Magyars · Australia
1106
+14
🇦🇺 Khmer · Australia
1106
+15
🇮🇳 Byzantines · India
1089
-15
🇻🇳 Malians · Vietnam
1071
-14
Daniel
12:17 Feudal Age
18:08 Castle Age
17:02 Horse Collar
18:10 Double-Bit Axe
18:18 Stone Mining
18:45 Loom
23:56 Bow Saw
24:52 Wheelbarrow
26:33 Heavy Plow
27:39 Hand Cart
31:52 Imperial Age
30:04 Gold Mining
30:45 Town Watch
31:43 Squires
31:56 Forging
31:46 Scale Mail Armor
32:56 Conscription
32:41 Elite Gbeto
33:57 Iron Casting
33:38 Chain Mail Armor
37:05 Plate Mail Armor
39:42 Elite Skirmisher
40:13 Fletching
40:24 Padded Archer Armor
40:48 Ballistics
41:28 Chemistry
41:34 Bodkin Arrow
41:54 Leather Archer Armor
44:29 Ring Archer Armor
rdsv0408
12:14 Feudal Age
13:46 Loom
17:24 Castle Age
15:44 Horse Collar
20:51 Forging
25:40 Wheelbarrow
25:25 Squires
24:47 Pikeman
26:27 Double-Bit Axe
30:04 Hand Cart
30:48 Bow Saw
reeree
0:31 Loom
12:55 Feudal Age
15:29 Wheelbarrow
14:44 Double-Bit Axe
15:37 Horse Collar
23:38 Castle Age
22:31 Stone Mining
22:32 Gold Mining
24:02 Wheelbarrow
25:06 Bow Saw
25:00 Heavy Plow
29:22 Hand Cart
31:59 Imperial Age
32:38 Gold Shaft Mining
31:52 Treadmill Crane
33:48 Bloodlines
33:42 Husbandry
35:33 Chemistry
35:11 Corvinian Army
35:08 Fletching
35:50 Recurve Bow
36:13 Conscription
36:37 Parthian Tactics
36:44 Bodkin Arrow
36:50 Padded Archer Armor
37:43 Bracer
38:43 Leather Archer Armor
40:00 Two-Man Saw
40:20 Thumb Ring
42:19 Ring Archer Armor
41:55 Scale Barding Armor
43:54 Crop Rotation
43:50 Ballistics
43:43 Masonry
45:10 Chain Barding Armor
mc394
12:33 Feudal Age
15:19 Double-Bit Axe
18:09 Castle Age
18:12 Bloodlines
21:40 Forging
22:41 Light Cavalry
26:04 Iron Casting
25:33 Husbandry
29:16 Scale Barding Armor
32:41 Town Watch
34:41 Gold Mining
34:41 Stone Mining
36:41 Gold Shaft Mining
37:37 Chain Barding Armor
37:27 Tusk Swords
39:00 Wheelbarrow
39:01 Loom
40:50 Stone Shaft Mining
41:03 Hand Cart
44:45 Imperial Age
Connection lost

Rejoining the realm…

Still unreachable

The connection could not be restored.

Session expired

The server has moved on; the page needs a fresh start.